 Dungeon Crawl Stone Soup version 0.30.1-9-gdf580d7c3d (webtiles) character file.

Game seed: 14368090278989307775

9529 monsoonserge the Caregiver (level 12, -6/104 HPs)
             Began as a Meteoran Monk on Oct 17, 2023.
             Was a Believer of Elyvilon.
             Mangled by a black mamba (9 damage)
             ... on level 1 of the Lair of Beasts.
             The game lasted 00:37:20 (5646 turns).

monsoonserge the Caregiver (Meteoran Monk)          Turns: 5646, Time: 00:37:21

Health: -6/104     AC: 20    Str: 12    XL:     12   Next: 6%
Magic:  20/20      EV:  9    Int: 19    God:    Elyvilon [**....]
Gold:   989        SH:  0    Dex: 21    Spells: 11/11 levels left

rFire   + . .        a - +1 dagger (venom)
rCold   . . .        o - +0 kite shield
rNeg    . . .        J - +5 chain mail of Wrong Decisions {rF+}
rPois   .            K - +1 helmet of Hopscotch {Int+5}
rElec   .            n - +0 cloak
rCorr   .            (no gloves)
SInv    .            (no boots)
Will    +....        (no amulet) Stlth
                     (no ring)
HPRegen 0.37/turn    (no ring)
MPRegen 0.17/turn

%: no passive effects
@: confused, lethally poisoned (-6 -> -23), ambrosia-drunk, glowing, studying
Armour
A: sense surroundings 2, otherworldly, glowing, explore regen
a: Renounce Religion, Purification, Heal Other


You were on level 1 of the Lair of Beasts.
You worshipped Elyvilon.
Elyvilon was pleased with you.
You visited 3 branches of the dungeon, and saw 12 of its levels.
You also visited: Bailey.

You collected 1092 gold pieces.
You spent 103 gold pieces at shops.

Inventory:

Hand Weapons
 a - a +1 dagger of venom (weapon)
 b - a +4 antimagic sling
 d - a +0 dagger of venom
Missiles
 h - 3 poisoned darts
 v - 2 curare-tipped darts
 C - 5 atropa-tipped darts
 G - 12 boomerangs (quivered)
Armour
 n - a +0 cloak (worn)
 o - a +0 kite shield (worn)
 z - a +2 leather armour of fire resistance
 H - a +0 helmet
 J - the +5 chain mail of Wrong Decisions (worn) {rF+}
   (You found it on level 9 of the Dungeon)

   rF:        It protects you from fire.
 K - the +1 helmet of Hopscotch (worn) {Int+5}
   (You found it on level 10 of the Dungeon)

   Int:       It affects your intelligence (+5).
Jewellery
 x - a ring of magical power
 I - a ring of ice
Wands
 p - a wand of flame (6)
 B - a wand of mindburst (6)
Scrolls
 e - a scroll of brand weapon {unknown}
 g - 7 scrolls of teleportation
 i - 3 scrolls of enchant armour
 k - 3 scrolls of poison {unknown}
 m - a scroll of acquirement {unknown}
 r - 3 scrolls of fog {unknown}
 t - 2 scrolls of enchant weapon {unknown}
 y - 4 scrolls of magic mapping {unknown}
 F - 2 scrolls of fear {unknown}
Potions
 f - 3 potions of attraction {unknown}
 j - 2 potions of might
 l - a potion of magic
 q - a potion of heal wounds
 s - 2 potions of mutation
 u - a potion of brilliance
 w - a potion of berserk rage {unknown}
 A - 9 potions of flight
 D - 3 potions of lignification
 E - 4 potions of degeneration {unknown}


   Skills:
 + Level 9.3 Fighting
 + Level 8.7(9.1) Short Blades
 - Level 4.1(7.4) Long Blades
 + Level 1.7 Throwing
 * Level 9.6 Armour
 + Level 9.4 Dodging
 + Level 1.4 Stealth
 + Level 2.8 Shields
 * Level 10.3 Invocations
 + Level 2.5 Evocations


You had 11 spell levels left.
You didn't know any spells.
Your spell library contained the following spells:

 Spells                   Type           Power      Damage    Failure   Level
 Foxfire                  Conj/Fire      0%         2x1d4     100%        1
 Freeze                   Ice            0%         1d3       100%        1
 Ensorcelled Hibernation  Hex/Ice        0%         N/A       100%        2
 Lesser Beckoning         Tloc           0%         N/A       100%        2
 Passwall                 Tmut/Erth      0%         N/A       100%        2
 Frozen Ramparts          Ice            0%         1d1       100%        3
 Gell's Gravitas          Tloc           0%         N/A       100%        3
 Hailstorm                Conj/Ice       0%         3d3       100%        3
 Swiftness                Air            0%         N/A       100%        3
 Teleport Other           Tloc           0%         N/A       100%        3
 Volatile Blastmotes      Fire/Tloc      0%         2d10      100%        3
 Fulminant Prism          Conj/Hex       0%         3d5       100%        4
 Iskenderun's Mystic Bla  Conj/Tloc      0%         2d3       100%        4
 Passage of Golubria      Tloc           0%         N/A       100%        4
 Fireball                 Conj/Fire      0%         3d3       100%        5
 Lee's Rapid Deconstruct  Erth           0%         3d4*      100%        5
 Silence                  Hex/Air        0%         N/A       100%        5
 Conjure Ball Lightning   Conj/Air       0%         3x3d6     100%        6
 Plasma Beam              Fire/Air       0%         2x1d11    100%        6
 Starburst                Conj/Fire      0%         6d3       100%        6
 Discord                  Hex            0%         N/A       100%        8
 Disjunction              Tloc           0%         N/A       100%        8
 Lehudib's Crystal Spear  Conj/Erth      0%         10d2      100%        8


Dungeon Overview and Level Annotations

Branches:
Dungeon (10/15) Zot: 1126  Temple (1/1) D:5 Zot: 579    Lair (1/5) D:10 Zot: 485
 Bailey (visited)
    Orc: D:9-12

Altars:
Ashenzari
Cheibriados
Elyvilon
Hepliaklqana
Kikubaaqudgha
Nemelex Xobeh
Qazlal
Ru
Uskayaw
Vehumet
Xom
The Shining One

Shops:
D:6 *   D:8 :   D:10 (

Annotations:
D:8 3 runed translucent doors, IHitMyHead's ghost, novice MiGl; monsoonserge's ghost, novice SpHu


Innate Abilities, Weirdness & Mutations

You passively map the area around you.
You are easily found by Zot.
You glow in the dark.
You regain HP and MP as you explore.


Message History

The black mamba is heavily wounded.
* * * LOW HITPOINT WARNING * * *
You feel very sick. The black mamba closely misses you.
Unknown command.
You hit the black mamba but do no damage.
The black mamba is heavily wounded.
* * * LOW HITPOINT WARNING * * *
You feel very sick. The black mamba barely misses you.
The black mamba closely misses you.
Unknown command.
You closely miss the black mamba.
The black mamba is heavily wounded.
* * * LOW HITPOINT WARNING * * *
You feel very sick. You block the black mamba's attack.
Unknown command.
You miss the black mamba.
The black mamba is heavily wounded.
* * * LOW HITPOINT WARNING * * *
You feel sick. The black mamba barely misses you.
Unknown command.
You closely miss the black mamba.
The black mamba is heavily wounded.
* * * LOW HITPOINT WARNING * * *
You feel very sick. You block the black mamba's attack.
The black mamba closely misses you.
Unknown command.
You are confused.
You feel invigorated.
You feel sick. The black mamba bites you! Elyvilon protects you from harm!
The black mamba bites you!
* * * LOW HITPOINT WARNING * * *
You are more poisoned.
The black mamba poisons you!
You bump into the rock wall.
* * * LOW HITPOINT WARNING * * *
You feel very sick. The black mamba bites you!
You die...

,,
...........##
............#
, ,
...........#
...........# ,
...........# ,
,,
.###.#..##.# ,
* * #######†#
, ,, #S# * *,
, , #@# ** ,,
#.## * * , ,
#..# ##.## * ,
,,#P.## ,+ , ,
##.P# , ###.##
*
,*.#######.#.#
, ...........#


You could see a black mamba.

Vanquished Creatures
  A two-headed ogre (D:10)
  Joseph (D:8)
  A tengu conjurer (D:9)
  A kobold demonologist (D:9)
  Grinder (D:6)
  Sigmund (D:5)
  A wyvern (D:9)
  2 wraiths (D:10)
  14 yaks
  4 steam dragons
  A sky beast (D:8)
  9 orc warriors
  2 ogres (D:6)
  2 phantoms
  3 centaurs
  A kobold brigand (D:5)
  2 bullfrogs
  A gnoll sergeant (D:9)
  6 scorpions
  2 howler monkeys (D:8)
  7 killer bees
  A hound (D:5)
  A jelly (D:7)
  Crazy Yiuf (D:6)
  2 iguanas
  4 orc wizards (D:6)
  2 sleepcaps
  3 gnolls (D:9)
  4 adders
  A white imp (D:7)
  2 worms (D:2)
  4 dart slugs
  25 orcs
  5 endoplasms
  2 giant cockroaches
  7 goblins
  5 hobgoblins
  3 jackals (D:2)
  5 quokkas
  2 ball pythons
  A bat (D:3)
  A frilled lizard (D:3)
  18 kobolds
  A rat (D:1)
163 creatures vanquished.

Vanquished Creatures (others)
  3 yaks
  4 orc warriors
  5 killer bees
  An orc (Bailey)
13 creatures vanquished.

Grand Total: 176 creatures vanquished

Notes
Turn   | Place    | Note
-------+----------+-------------------------------------------
     0 | D:1      | monsoonserge the Meteoran Monk began the quest for the Orb.
     0 | D:1      | Reached XP level 1. HP: 19/19 MP: 2/2
    86 | D:1      | Reached XP level 2. HP: 26/26 MP: 3/3
   349 | D:2      | Reached XP level 3. HP: 24/33 MP: 4/4
   769 | D:3      | Found a white marble altar of Elyvilon.
   775 | D:3      | Found a hazy altar of Hepliaklqana.
   776 | D:3      | Found an ancient bone altar of Kikubaaqudgha.
   776 | D:3      | Found a radiant altar of Vehumet.
   777 | D:3      | Found a sacrificial altar of Ru.
   778 | D:3      | Found a broken altar of Ashenzari.
   790 | D:3      | Became a worshipper of Elyvilon the Healer
   790 | D:3      | Reached * piety under Elyvilon
   790 | D:3      | Reached ** piety under Elyvilon
   988 | D:3      | Found a faded altar of an unknown god.
  1099 | D:4      | Reached skill level 1 in Armour
  1099 | D:4      | Reached XP level 4. HP: 37/40 MP: 5/5
  1105 | D:4      | Reached skill level 1 in Invocations
  1127 | D:4      | Reached skill level 1 in Short Blades
  1127 | D:4      | Reached XP level 5. HP: 16/46 MP: 7/7
  1155 | D:4      | Found a snail-covered altar of Cheibriados.
  1173 | D:4      | Reached skill level 2 in Invocations
  1501 | D:4      | Reached XP level 6. HP: 39/52 MP: 7/9
  1517 | D:4      | Reached *** piety under Elyvilon
  1612 | D:4      | Reached skill level 3 in Invocations
  1639 | D:5      | Entered Level 5 of the Dungeon
  1669 | D:5      | Noticed Sigmund
  1686 | D:5      | Reached XP level 7. HP: 24/60 MP: 10/10
  1691 | D:5      | Killed Sigmund
  1712 | D:5      | Reached skill level 4 in Invocations
  1734 | D:5      | Reached skill level 5 in Dodging
  1734 | D:5      | Reached XP level 8. HP: 56/67 MP: 9/12
  1781 | D:5      | Found a staircase to the Ecumenical Temple.
  1797 | Temple   | Entered the Ecumenical Temple
  2033 | D:6      | Reached **** piety under Elyvilon
  2099 | D:6      | Noticed Grinder
  2101 | D:6      | Found Intuy's General Store.
  2121 | D:6      | Reached skill level 5 in Invocations
  2142 | D:6      | Paralysed by Grinder for 4 turns
  2148 | D:6      | Reached skill level 5 in Fighting
  2153 | D:6      | Paralysed by Grinder for 4 turns
  2157 | D:6      | Killed Grinder
  2158 | D:6      | Reached skill level 1 in Stealth
  2177 | D:6      | Found a runed translucent door.
  2178 | D:6      | Noticed Crazy Yiuf
  2187 | D:6      | Killed Crazy Yiuf
  2244 | D:6      | Bought a potion of heal wounds for 70 gold pieces
  2244 | D:6      | Bought 2 curare-tipped darts for 33 gold pieces
  2286 | D:6      | Gained mutation: You passively map the area around you.
                  | [Meteoran growth]
  2286 | D:6      | Reached XP level 9. HP: 54/74 MP: 14/14
  2317 | D:6      | Reached skill level 5 in Short Blades
  2317 | D:6      | Reached skill level 5 in Armour
  2380 | D:6      | Reached skill level 6 in Invocations
  2430 | D:6      | Reached skill level 1 in Evocations
  3006 | D:7      | Noticed Pikel
  3009 | D:7      | Pacified Pikel
  3010 | D:7      | Reached XP level 10. HP: 50/84 MP: 9/16
  3111 | D:7      | Reached skill level 7 in Invocations
  3421 | D:8      | Found a runed translucent gate.
  3422 | D:8      | Found a runed translucent gate.
  3423 | D:8      | Found a runed translucent gate.
  3423 | D:8      | Noticed monsoonserge's ghost (novice SpHu)
  3423 | D:8      | Noticed IHitMyHead's ghost (novice MiGl)
  3471 | D:8      | Reached skill level 1 in Throwing
  3564 | D:8      | Found Oklaokar's Tiny Tomes.
  3607 | D:8      | Noticed Joseph
  3621 | D:8      | HP: 4/88 [Joseph/sling bullet (17)]
  3730 | D:8      | Killed Joseph
  3731 | D:8      | Reached skill level 8 in Invocations
  3823 | D:9      | Noticed a tengu conjurer
  3824 | D:9      | Noticed a tengu conjurer
  3825 | D:9      | Pacified a tengu conjurer
  3841 | D:9      | Killed a tengu conjurer
  3842 | D:9      | Reached XP level 11. HP: 61/94 MP: 16/18
  3974 | D:9      | Found a flagged portal.
  4001 | Bailey   | Entered a bailey
  4250 | Bailey   | Reached skill level 9 in Invocations
  4838 | D:9      | Identified the +5 chain mail of Wrong Decisions {rF+}
  4857 | D:10     | Entered Level 10 of the Dungeon
  4881 | D:10     | Noticed a two-headed ogre
  4906 | D:10     | Killed a two-headed ogre
  5169 | D:10     | Reached skill level 1 in Shields
  5177 | D:10     | Reached skill level 10 in Invocations
  5263 | D:10     | Found a staircase to the Lair.
  5285 | D:10     | Found Ymuh's Antique Weapon Shop.
  5358 | D:10     | Identified the +1 helmet of Hopscotch {Int+5}
  5514 | Lair:1   | Entered Level 1 of the Lair of Beasts
  5580 | Lair:1   | Noticed a black mamba
  5622 | Lair:1   | Reached XP level 12. HP: 36/104 MP: 20/20
  5645 | Lair:1   | Elyvilon protects you from harm!
  5645 | Lair:1   | HP: 5/104 [black mamba (7)]
  5646 | Lair:1   | Mangled by a black mamba

Illustrated notes

Levels and vault maps discovered:
D:1:      lemuel_arrival_broad_hall, layout_rooms
D:2:      layout_basic
D:3:      layout_rooms, minitemple, hellmonk_ecumenical_altar_inner_sanctum
D:4:      nicolae_cairo_tiling_large_dashed, layout_cave_pods,
          nicolae_overflow_hidden_temple
D:5:      layout_rooms, temple_green, uniq_sigmund
D:6:      layout_cave_pools, serial_shops, shop, uniq_crazy_yiuf_cottage,
          uniq_grinder
D:7:      layout_basic, minmay_misc_feat_ornament, uniq_pikel
D:8:      wander_river, layout_basic, gammafunk_ghost_cemetery,
          nicolae_shop_i_like_small_books_too, uniq_joseph
D:9:      layout_roguey, enter_bailey_6, serial_aquarium, aquarium_bridge_square
          [aquarium_subvault_wall, aquarium_subvault_bridge,
          aquarium_subvault_bridge, aquarium_subvault_wall],
          aquarium_bridge_square [aquarium_subvault_window,
          aquarium_subvault_bridge, aquarium_subvault_bridge,
          aquarium_subvault_bridge], aquarium_window_2,
          aquarium_window_corridor_1, aquarium_window_fake, aquarium_view_2c,
          aquarium_balcony_1b
D:10:     layout_basic, grunt_gozag_breadcrumbs, grunt_lair_entry_orc_guard_hut,
          serial_shops, nicolae_shop_advertising_works
          [nicolae_subvault_shop_adworks]
Temple:   nicolae_temple_great_sept
Lair:1:   layout_regular_city

Skill      XL: |  1  2  3  4  5  6  7  8  9 10 11 |
---------------+----------------------------------+-----
Dodging        | 4 5 7 8 9 |  9.4
Long Blades    | 4 |  4.1
Armour         | 1 2 3 4 5 6 9 |  9.6
Invocations    | 1 2 3 4 5 6 8 10 | 10.3
Short Blades   | 1 3 4 6 7 8 |  8.7
Fighting       | 4 5 6 8 9 |  9.3
Stealth        | 1 |  1.4
Evocations     | 2 |  2.5
Throwing       | 1 |  1.7
Shields        | 2 |  2.8

Action                     |  1- 3 |  4- 6 |  7- 9 | 10-12 || total
---------------------------+-------+-------+-------+-------++-------
  Melee: Falchion          |    55 |       |       |       ||    55
         Dagger            |    34 |   122 |   238 |   692 ||  1086
  Throw: Boomerang         |       |       |     1 |    11 ||    12
         Dart              |       |       |     1 |       ||     1
 Invoke: Heal Other        |       |       |     7 |    18 ||    25
         Heal Self         |       |       |     3 |     7 ||    10
         Purification      |       |       |       |     2 ||     2
  Evoke: Wand              |       |       |     6 |     4 ||    10
    Use: Scroll            |       |       |     5 |     3 ||     8
         Potion            |       |       |       |     3 ||     3
 Armour: Robe              |     1 |       |       |       ||     1
         Scale mail        |    27 |    14 |       |       ||    41
         Leather armour    |       |    21 |    74 |    76 ||   171
         Chain mail        |       |       |       |   111 ||   111
  Dodge: Dodged            |    39 |    54 |   149 |   255 ||   497
  Block: Kite shield       |       |       |       |    89 ||    89
